 Dungeon Crawl Stone Soup version 0.21-a0-71-g5e5ddd2 (webtiles) character file.

1568 KristoblXynda the Covert (level 9, -23/48 HPs)
             Began as a Kobold Assassin on June 19, 2017.
             Was a Follower of Nemelex Xobeh.
             Annihilated by an ogre
             ... wielding a +0 giant club
              (25 damage)
             ... on level 6 of the Dungeon.
             The game lasted 00:11:26 (6651 turns).

KristoblXynda the Covert (Kobold Assassin)          Turns: 6651, Time: 00:11:28

Health: -23/48     AC:  6    Str: 10    XL:     9   Next: 13%
Magic:  0/11       EV: 14    Int: 14    God:    Nemelex Xobeh [*.....]
Gold:   100        SH:  4    Dex: 16    Spells: 8/8 levels left

rFire    . . .     SeeInvis .   a - +3 dagger
rCold    . . .     Gourm    .   y - +0 buckler
rNeg     . . .     Faith    .   c - +0 robe
rPois    .         Spirit   +   (no helmet)
rElec    .         Reflect  .   d - +0 cloak
rCorr    .         Harm     .   E - +0 pair of gloves
MR       .....                  t - +1 pair of boots
Stlth    +++.......             l - amulet of guardian spirit
HPRegen  0.16/turn              (no ring)
MPRegen  0.12/turn              (no ring)

@: very heavily drained
A: carnivore 3
a: Renounce Religion


You were on level 6 of the Dungeon.
You worshipped Nemelex Xobeh.
Nemelex Xobeh was aware of your devotion.
You were very full.

You visited 2 branches of the dungeon, and saw 7 of its levels.

You collected 236 gold pieces.
You spent 136 gold pieces at shops.

Inventory:

Hand Weapons
 a - a +3 dagger (weapon)
 b - a +0 blowgun
Missiles
 e - 45 poisoned needles
 f - 2 curare-tipped needles
 n - a throwing net (quivered)
Armour
 c - a +0 robe (worn)
 d - a +0 cloak (worn)
 t - a +1 pair of boots (worn)
 y - a +0 buckler (worn)
 E - a +0 pair of gloves (worn)
Jewellery
 l - an amulet of guardian spirit (around neck)
Wands
 r - a wand of enslavement (13/24)
 D - a wand of flame (16/48)
Scrolls
 j - 3 scrolls of enchant armour
 q - 2 scrolls of remove curse
 u - a scroll of amnesia
 x - a scroll of magic mapping
 B - a scroll of teleportation
Potions
 k - a potion of might
 m - a potion of resistance {unknown}
 o - a potion of mutation {unknown}
 p - a potion of curing {unknown}
 v - a potion of agility {unknown}
 w - a potion of ambrosia {unknown}
 z - a potion of cancellation {unknown}
Books
 F - a book of Changes

   Spells                             Type                      Level
   a - Beastly Appendage              Transmutation                1
   b - Sticks to Snakes               Transmutation                2
   c - Spider Form                    Transmutation/Poison         3
   d - Ice Form                       Ice/Transmutation            4
   e - Blade Hands                    Transmutation                5
Miscellaneous
 C - a legendary deck of destruction {drawn: 1}
Comestibles
 g - 4 meat rations
 h - 5 royal jellies


   Skills:
 - Level 2.1(0.0) Fighting
 - Level 6.4(3.1) Short Blades
 - Level 2.1(0.0) Throwing
 + Level 3.3(0.3) Armour
 - Level 5.0(1.9) Dodging
 + Level 9.9(6.3) Stealth
 + Level 3.1(0.1) Shields
 + Level 3.1(0.2) Invocations


You had 8 spell levels left.
You didn't know any spells.

Dungeon Overview and Level Annotations

Branches:
Dungeon (6/15)             Temple (1/1) D:4

Altars:
Cheibriados
Dithmenos
Elyvilon
Gozag
Hepliaklqana
Kikubaaqudgha
Makhleb
Nemelex Xobeh
Okawaru
Qazlal
Ru
Sif Muna
Trog
Uskayaw
Vehumet
Wu Jian
Xom
Yredelemnul
Zin
The Shining One

Shops:
D:5 *


Innate Abilities, Weirdness & Mutations

You are small and have problems with some larger weapons.
You are carnivorous and can eat meat at any time.


Message History

* * * LOW HITPOINT WARNING * * *
Wield which item (- for none, * to show all)? (? for menu, Esc to quit)
a - a +3 dagger (weapon)
A hound comes into view.
You barely miss the ogre.
The ogre is severely wounded.
The ogre hits you with a giant club!
* * * LOW HITPOINT WARNING * * *
The hound barks!
Unknown command.
You hit the ogre.
The ogre is almost dead.
You barely miss the ogre.
The ogre is almost dead.
The hound bites you.
* * * LOW HITPOINT WARNING * * *
The ogre hits you with a giant club!!
Ouch! That really hurt!
You die...
Your body disappears without a glow.

#.....# #.#...# ..
...... .
#.##.##########.##
#.##>.((.)))..#..#
#...)...#####.##.#
..)####.# #(##.#
......#.# #.##h#
...##.#.# #.##@#
#####.#.# #.##O##
### #.#.# #.....#
.)# #.#.# #.#####
#.# #...# ### #.#
### #.# #.# #.#


You could see an ogre and a hound.

Vanquished Creatures
  An ice beast (D:6)
  An ogre (D:5)
  A centaur (D:5)
  A bullfrog (D:6)
  A scorpion (D:4)
  5 wights (D:6)
  A crimson imp (D:6)
  A hound (D:4)
  A bullfrog zombie (D:5)
  An orc wizard (D:6)
  3 orc priests
  Terence (D:3)
  An iguana (D:4)
  2 worker ants (D:5)
  A hound zombie (D:6)
  A hound skeleton (D:5)
  8 adders
  4 gnolls (D:5)
  A dart slug (D:1)
  3 leopard geckos
  6 orcs
  4 bats
  4 giant cockroaches
  8 goblins
  6 hobgoblins
  5 jackals
  3 quokkas
  3 frilled lizards
  11 kobolds
  12 rats
101 creatures vanquished.

Vanquished Creatures (collateral kills)
  The ghost of Ijustatesigmund the Cutter, a novice OpAr (D:5)
  An orc warrior (D:5)
  A centaur (D:5)
  A gnoll shaman (D:6)
  A hound (D:5)
  An orc wizard (D:5)
  A howler monkey skeleton (D:5)
  2 orcs
  2 jackals (D:5)
11 creatures vanquished.

Vanquished Creatures (others)
  An orc warrior (D:6)
  An iguana (D:6)
  3 gnolls (D:6)
  2 orcs (D:6)
7 creatures vanquished.

Grand Total: 119 creatures vanquished

Notes
Turn   | Place    | Note
-------+----------+-------------------------------------------
     0 | D:1      | KristoblXynda the Kobold Assassin began the quest for the Orb.
     0 | D:1      | Reached XP level 1. HP: 12/12 MP: 1/1
    66 | D:1      | Reached XP level 2. HP: 3/17 MP: 2/2
   971 | D:1      | Reached XP level 3. HP: 16/21 MP: 3/3
  1015 | D:1      | Reached skill level 6 in Stealth
  1507 | D:2      | Found an opulent altar of Gozag.
  1883 | D:2      | Reached XP level 4. HP: 26/26 MP: 4/4
  2219 | D:2      | Found a burning altar of Makhleb.
  3115 | D:3      | Reached XP level 5. HP: 30/30 MP: 5/5
  3490 | D:3      | Reached skill level 5 in Short Blades
  3518 | D:3      | Noticed Terence
  3521 | D:3      | Killed Terence
  3521 | D:3      | Reached XP level 6. HP: 35/35 MP: 6/6
  3980 | D:4      | Found a glowing golden altar of the Shining One.
  3982 | D:4      | Found a hide-covered altar of Uskayaw.
  4032 | D:4      | Reached skill level 7 in Stealth
  4426 | D:4      | Found a staircase to the Ecumenical Temple.
  4534 | Temple   | Entered the Ecumenical Temple
  4627 | Temple   | Became a worshipper of Nemelex Xobeh the Trickster
  4712 | D:5      | Entered Level 5 of the Dungeon
  4712 | D:5      | Noticed an orc warrior
  4733 | D:5      | Received a gift from Nemelex Xobeh
  4743 | D:5      | Reached XP level 7. HP: 21/40 MP: 7/7
  4766 | D:5      | Reached skill level 8 in Stealth
  5031 | D:5      | Found Noege's Assorted Antiques.
  5037 | D:5      | Bought a buckler for 94 gold pieces
  5037 | D:5      | Bought a scroll labeled COCESCHUARCH for 21 gold pieces
  5037 | D:5      | Bought a scroll labeled ZENELE CANUIRR for 21 gold pieces
  5219 | D:5      | Reached skill level 1 in Armour
  5334 | D:5      | Reached skill level 5 in Dodging
  5583 | D:5      | Reached * piety under Nemelex Xobeh
  5583 | D:5      | Received a gift from Nemelex Xobeh
  5600 | D:5      | Reached skill level 1 in Shields
  5600 | D:5      | Reached XP level 8. HP: 40/44 MP: 8/8
  5628 | D:5      | Noticed Ijustatesigmund's ghost (novice OpAr)
  5649 | D:5      | Killed Ijustatesigmund's ghost
  5649 | D:5      | Reached skill level 9 in Stealth
  5817 | D:5      | Found a snail-covered altar of Cheibriados.
  6051 | D:6      | Reached skill level 1 in Invocations
  6325 | D:6      | Reached XP level 9. HP: 13/48 MP: 2/11
  6651 | D:6      | HP: 2/48 [hound (2)]
  6651 | D:6      | Annihilated by an ogre

Vault maps used:
D:1:      evilmike_arrival_hilbert_curve
D:2:      overflow_temple_1_default, overflow_temple_1_default
D:3:      uniq_terence
D:4:      grunt_temple_overflow_open, minmay_temple_entry_nine_rooms
D:5:      lemuel_coloured_pillars_altar, first_bread, serial_shops, shop,
          kennysheep_windowed_goal
Temple:   regret_index_temple_waves

Skill      XL: |  1  2  3  4  5  6  7  8  9 |
---------------+----------------------------+-----
Short Blades   | 3 4 5 6 |  6.4
Stealth        | 6 7 8 9 |  9.9
Dodging        | 2 3 4 5 |  5.0
Armour         | 1 3 |  3.3
Shields        | 1 2 3 |  3.1
Invocations    | 2 3 |  3.1
Fighting       | |  2.1
Throwing       | |  2.1

Action                   |  1- 3 |  4- 6 |  7- 9 || total
-------------------------+-------+-------+-------++-------
Melee: Dagger            |   146 |   185 |   200 ||   531
 Fire: Blowgun           |       |       |     6 ||     6
Evoke: Deck              |       |     1 |     4 ||     5
       Wand              |       |       |     1 ||     1
  Use: Potion            |     2 |     2 |     2 ||     6
       Scroll            |     1 |     7 |     3 ||    11
 Stab: Sleeping          |     9 |    14 |     7 ||    30
       Distracted        |       |     1 |     2 ||     3
       Petrified         |       |       |     1 ||     1
  Eat: Chunk             |     3 |    14 |     8 ||    25
Armor: Robe              |    23 |    13 |    23 ||    59
Dodge: Dodged            |   106 |   102 |    92 ||   300
Block: Buckler           |       |       |    27 ||    27
